 Dungeon Crawl Stone Soup version 0.30.1-11-g7821555f0a (webtiles) character file.

Game seed: 18291646757564555313

12 hawla the Firebug (level 2, 0/20 HPs)
             Began as a Meteoran Fire Elementalist on Jan 8, 2024.
             Slain by Terence
             ... wielding a +0 mace
              (10 damage)
             ... on level 3 of the Dungeon.
             The game lasted 00:01:36 (256 turns).

hawla the Firebug (Meteoran Fire Elementalist)       Turns: 256, Time: 00:01:36

Health: 0/20       AC:  2    Str:  9    XL:     2   Next: 64%
Magic:  0/6        EV: 12    Int: 16    God:
Gold:   30         SH:  0    Dex: 14    Spells: 3/6 levels left

rFire   . . .        (no weapon)
rCold   . . .        (no shield)
rNeg    . . .        a - +0 robe
rPois   .            (no helmet)
rElec   .            (no cloak)
rCorr   .            (no gloves)
SInv    .            (no boots)
Will    .....        (no amulet)
Stlth   +            (no ring)
HPRegen 0.23/turn    (no ring)
MPRegen 0.10/turn

%: no passive effects
@: glowing
A: sense surroundings 1, otherworldly, glowing, explore regen
a: no special abilities


You were on level 3 of the Dungeon.
You visited 1 branch of the dungeon, and saw 3 of its levels.

You collected 30 gold pieces.

Inventory:

Armour
 a - a +0 robe (worn)
Scrolls
 e - a scroll of fear {unknown}
 g - a scroll of brand weapon {unknown}
Potions
 d - a potion of resistance {unknown}
 f - 2 potions of might {unknown}


   Skills:
 + Level 2.8 Dodging
 + Level 1.6 Stealth
 + Level 2.7 Spellcasting
 + Level 1.2 Conjurations
 + Level 4.0 Fire Magic


You had 3 spell levels left.
You knew the following spells:

 Your Spells              Type           Power      Damage    Failure   Level
a - Foxfire               Conj/Fire      40%        2x1d6     7%          1
b - Scorch                Fire           30%        2d6       5%          2

Your spell library contained the following spells:

 Spells                   Type           Power      Damage    Failure   Level
 Inner Flame              Hex/Fire       8%         N/A       26%         3
 Volatile Blastmotes      Fire/Tloc      16%        2d11      26%         3
 Flame Wave               Conj/Fire      10%        2d6       54%         4


Dungeon Overview and Level Annotations

Branches:
Dungeon (3/15) Zot: 1543

Altars:

Annotations:
D:3 Terence


Innate Abilities, Weirdness & Mutations

You passively map a small area around you.
You are easily found by Zot.
You glow in the dark.
You regain HP and MP as you explore.


Message History

You conjure some foxfire!
The foxfire hits something but does no damage. x2
Casting: Foxfire (safe; 7% risk of failure)
Confirm with . or Enter, or press ? or * to list all spells.
You can't see any susceptible monsters within range! (Use Z to cast anyway.)
Casting: Foxfire (safe; 7% risk of failure)
Confirm with . or Enter, or press ? or * to list all spells.
Flames lash something.
The foxfire hits something.
The foxfire hits something but does no damage.
A bat comes into view.
Something hits you.
A bat is nearby!
Casting: Scorch (safe; 5% risk of failure)
Confirm with . or Enter, or press ? or * to list all spells.
You don't know that spell.
Casting: Scorch (safe; 5% risk of failure)
Confirm with . or Enter, or press ? or * to list all spells.
Flames lash the bat.
You kill the bat!
Something barely misses you.
Casting: Scorch (safe; 5% risk of failure)
Confirm with . or Enter, or press ? or * to list all spells.
You don't know that spell.
Magic courses through your body. Something hits you.
Casting: Scorch (safe; 5% risk of failure)
Confirm with . or Enter, or press ? or * to list all spells.
Flames lash something but do no damage.
Something hits you.
Casting: Scorch (safe; 5% risk of failure)
Confirm with . or Enter, or press ? or * to list all spells.
Flames lash something.
Something hits you but does no damage.
Casting: Scorch (safe; 5% risk of failure)
Confirm with . or Enter, or press ? or * to list all spells.
Flames lash something.
Something hits you.
Casting: Scorch (safe; 5% risk of failure)
Confirm with . or Enter, or press ? or * to list all spells.
You don't know that spell.
Okay, then.
It was a potion of cancellation.
You feel magically purged. Something hits you!
Ouch! That really hurt!
You die...

#..............#*
#.....###.#.##.#
##..<####.#.# .#
,,###..##...#.##.###
,.....##.##....... , *
..#.............##
,...,#.#....##....#.#**
* * ## #.#.........##*
* ..#.......@..#,*
,.####.#.###.#....?# *
, #.#.# #.#...... * *
#.#.# #.. .... ,, #.#.#
#### .#. ** , ,... ,..
,#. # * , , , *


There were no monsters in sight!

Vanquished Creatures
  A dart slug (D:2)
  2 bats
  An endoplasm (D:1)
  A giant cockroach (D:1)
  A hobgoblin (D:1)
  2 kobolds (D:1)
  A rat (D:1)
9 creatures vanquished.

Vanquished Creatures (others)
  29 foxfires
29 creatures vanquished.

Grand Total: 38 creatures vanquished

Notes
Turn   | Place    | Note
-------+----------+-------------------------------------------
     0 | D:1      | hawla the Meteoran Fire Elementalist began the quest for
                  | the Orb.
     0 | D:1      | Reached XP level 1. HP: 14/14 MP: 5/5
   158 | D:1      | Reached XP level 2. HP: 16/20 MP: 4/6
   203 | D:2      | Learned a level 2 spell: Scorch
   214 | D:2      | Reached skill level 4 in Fire Magic
   245 | D:3      | Noticed Terence
   256 | D:3      | Slain by Terence

Illustrated notes

Levels and vault maps discovered:
D:1:      grunt_arrival_lava_bath, layout_basic
D:2:      layout_loops_ring
D:3:      layout_loops_ring, serial_shops, nicolae_lakefront_shop, hex_large,
          chequers_serial_rivers_room_b, uniq_terence

Skill      XL: |  1  2 |
---------------+-------+-----
Fire Magic     | 4 |  4.0
Dodging        | |  2.8
Stealth        | |  1.6
Spellcasting   | |  2.7
Conjurations   | |  1.2

Action                     || total
---------------------------++-------
  Melee: Unarmed           ||     9
   Cast: Foxfire           ||    19
         Scorch            ||     5
    Use: Potion            ||     2
 Armour: Robe              ||     4
  Dodge: Dodged            ||    16
